AoeStats
← Noder Neder WAKANDA

Arabia

510358457Analyzed
3v3 RM · 21h ago on Sep 30, 2026· 28m 29s· 6 players
Game mode
Random Map
Map size
Normal (6 player)
Population
200
Speed
Normal
Resources
Standard
Victory
Conquest
Starting age
Dark Age
Ending age
Imperial Age
RankedLock teamsTeams togetherTeam positionsShared explorationLock speedFull tech treeHidden civsTurbo modeCheats
Victory
Defeat
🇦🇷 Goths · Argentina
868
+17
🇰🇿 Slavs · Kazakhstan
830
+19
🇮🇱 Lithuanians · Israel
943
-21
🇸🇪 Vietnamese · Sweden
908
-18
813
-14
Noder Neder WAKANDA
9:53 Feudal Age
12:00 Loom
13:39 Double-Bit Axe
17:42 Castle Age
18:04 Town Watch
19:05 Squires
18:26 Pikeman
19:35 Pikeman
24:42 Gold Mining
25:39 Husbandry
27:29 Wheelbarrow
villenorrman
8:38 Loom
11:19 Feudal Age
13:53 Double-Bit Axe
19:09 Castle Age
17:39 Horse Collar
19:41 Pikeman
20:38 Bow Saw
23:08 Wheelbarrow
22:18 Town Watch
25:21 Squires
25:22 Fletching
25:57 Ballistics
26:19 Town Watch
✞VasyaTheBlackTiger {Mark}✞^
9:19 Loom
12:49 Feudal Age
14:10 Horse Collar
15:26 Wheelbarrow
16:52 Double-Bit Axe
19:46 Gold Mining
21:21 Scale Mail Armor
26:54 Scale Barding Armor
砍德沃.基尔邦硬.香达菲基
3:53 Loom
11:13 Feudal Age
15:31 Double-Bit Axe
17:49 Castle Age
15:53 Horse Collar
18:20 Forging
19:59 Bow Saw
22:15 Scale Mail Armor
Viejo_Lobo_17
1:45 Loom
11:56 Feudal Age
12:28 Double-Bit Axe
18:06 Castle Age
16:05 Gold Mining
19:11 Pikeman
20:50 Squires
22:50 Stone Mining
24:10 Wheelbarrow
24:28 Bow Saw
24:04 Horse Collar
26:13 Stone Shaft Mining
27:16 Heavy Plow
Кизяка
10:03 Feudal Age
10:29 Double-Bit Axe
10:24 Horse Collar
15:56 Forging
17:25 Bloodlines
17:44 Stone Mining
21:34 Castle Age
20:45 Scale Barding Armor
23:01 Heavy Plow
23:12 Bow Saw
24:06 Light Cavalry
24:48 Husbandry
25:01 Bloodlines
25:54 Pikeman
26:58 Chain Barding Armor
28:19 Wheelbarrow
Connection lost

Rejoining the realm…

Still unreachable

The connection could not be restored.

Session expired

The server has moved on; the page needs a fresh start.